[ AOE2 MATCH · #469547111 ]
UnrankedKhitans vs Spanish
[ REPLAY ANALYSIS · EXTRACTED FROM THE RECORDED GAME ]
Feudal
14:17
Castle
18:29
Imperial
37:00
| APM avg | 36.6 |
| APM peak | 67 |
| eAPM avg | 29.5 |
| Villagers / military | 225 / 237 |
Focus
⚔️ 59.5% · 🌾 40.5%
Spearman ×186 · Unknown (1920) ×60 · Cavalry Archer ×24 · Battering Ram ×19 · Trade Cart ×8 · Skirmisher ×6
Feudal
13:28
Castle
18:09
Imperial
41:38
| APM avg | 93.3 |
| APM peak | 154 |
| eAPM avg | 35.8 |
| Villagers / military | 304 / 209 |
Focus
⚔️ 35.4% · 🌾 64.6%
Camel Scout ×97 · Cavalry Archer ×85 · Archer ×9 · Battering Ram ×5 · Trebuchet (Packed) ×5 · Scorpion ×3
Feudal
12:50
Castle
24:03
Imperial
41:20
| APM avg | 40.4 |
| APM peak | 101 |
| eAPM avg | 16.3 |
| Villagers / military | 175 / 179 |
Focus
⚔️ 34.3% · 🌾 65.7%
Cavalry Archer ×109 · Spearman ×45 · Battering Ram ×12 · Militia ×7 · Archer ×4 · Skirmisher ×2
Feudal
13:57
Castle
18:24
Imperial
36:44
| APM avg | 35.9 |
| APM peak | 76 |
| eAPM avg | 28.0 |
| Villagers / military | 176 / 481 |
Focus
⚔️ 47.5% · 🌾 52.5%
Scout Cavalry ×150 · Skirmisher ×118 · Spearman ×101 · Battle Elephant ×89 · Ballista Elephant ×10 · Trade Cart ×7
Feudal
13:44
Castle
17:39
Imperial
37:17
| APM avg | 75.1 |
| APM peak | 146 |
| eAPM avg | 27.1 |
| Villagers / military | 174 / 235 |
Focus
⚔️ 52.3% · 🌾 47.7%
Conquistador ×95 · Scout Cavalry ×70 · Knight ×36 · Hand Cannoneer ×16 · Spearman ×15 · Trebuchet (Packed) ×2
Feudal
12:20
Castle
23:16
Imperial
36:56
| APM avg | 65.0 |
| APM peak | 130 |
| eAPM avg | 28.5 |
| Villagers / military | 225 / 294 |
Focus
⚔️ 42.1% · 🌾 57.9%
Camel Scout ×217 · Chakram Thrower ×56 · Scout Cavalry ×10 · Shrivamsha Rider ×5 · Trade Cart ×3 · Monk ×2
Feudal
11:26
Castle
21:37
Imperial
39:25
| APM avg | 53.6 |
| APM peak | 87 |
| eAPM avg | 31.4 |
| Villagers / military | 228 / 349 |
Focus
⚔️ 38.6% · 🌾 61.4%
Spearman ×259 · Hand Cannoneer ×28 · Scout Cavalry ×19 · Mangonel ×13 · Knight ×11 · Bombard Cannon ×10
Feudal
12:52
Castle
16:27
Imperial
32:00
| APM avg | 52.5 |
| APM peak | 103 |
| eAPM avg | 37.6 |
| Villagers / military | 198 / 629 |
Focus
⚔️ 50.9% · 🌾 49.1%
Camel Scout ×283 · Spearman ×244 · Cataphract ×68 · Battering Ram ×29 · Trebuchet (Packed) ×4 · Monk ×1
Match map
Initial resources + every placement click. Lines = walls · curves = elevation contours. ◆ gold · ⬟ stone · ● berries · ✦ relic · ◌ wall gap
Inputs per minute
— aran1234 - - ryannn
Build order — aran1234
First 150 of 740 actions detected
| 0:18 | Build | Town Center |
| 0:46 | Build | House |
| 2:32 | Create | Villager (Male) |
| 2:32 | Create | Villager (Male) |
| 2:32 | Create | Villager (Male) |
| 2:40 | Create | Villager (Male) |
| 3:35 | Build | House |
| 4:06 | Create | Villager (Male) |
| 4:06 | Create | Villager (Male) |
| 4:20 | Research | Loom |
| 4:45 | Create | Villager (Male) |
| 4:45 | Create | Villager (Male) |
| 5:01 | Create | Villager (Male) |
| 5:01 | Create | Villager (Male) |
| 5:35 | Create | Villager (Male) |
| 5:49 | Create | Villager (Male) |
| 6:14 | Build | House |
| 6:22 | Create | Villager (Male) |
| 6:46 | Create | Villager (Male) |
| 6:47 | Create | Villager (Male) |
| 7:20 | Create | Villager (Male) |
| 7:27 | Build | House |
| 7:29 | Build | House |
| 7:43 | Create | Villager (Male) |
| 8:07 | Build | House |
| 8:11 | Build | Palisade Wall |
| 8:14 | Create | Villager (Male) |
| 8:17 | Build | Palisade Wall |
| 8:20 | Build | Palisade Wall |
| 8:25 | Create | Villager (Male) |
| 8:40 | Build | Pasture |
| 8:54 | Create | Villager (Male) |
| 8:55 | Create | Villager (Male) |
| 9:03 | Build | Pasture |
| 9:32 | Create | Villager (Male) |
| 9:39 | Create | Villager (Male) |
| 9:59 | Build | Lumber Camp |
| 10:10 | Create | Villager (Male) |
| 10:41 | Create | Villager (Male) |
| 10:58 | Create | Villager (Male) |
| 11:05 | Build | Mill |
| 11:24 | Create | Villager (Male) |
| 11:47 | Build | House |
| 11:49 | Build | House |
| 12:06 | Research | Feudal Age |
| 12:11 | Build | Mining Camp |
| 12:46 | Build | Barracks |
| 13:46 | Build | Palisade Wall |
| 13:53 | Create | Villager (Male) |
| 14:17 | Age | Feudal Age |
| 14:21 | Create | Villager (Male) |
| 14:26 | Build | Archery Range |
| 14:30 | Build | Blacksmith |
| 14:49 | Build | Palisade Wall |
| 14:50 | Build | Palisade Wall |
| 14:58 | Create | Villager (Male) |
| 15:49 | Research | Castle Age |
| 16:12 | Research | Tech 1014 |
| 16:17 | Build | Pasture |
| 16:44 | Research | Double-Bit Axe |
| 17:04 | Build | Building 804 |
| 17:07 | Build | Palisade Wall |
| 17:09 | Build | Palisade Wall |
| 17:41 | Create | Villager (Male) |
| 18:29 | Age | Castle Age |
| 18:32 | Create | Villager (Male) |
| 18:33 | Create | Cavalry Archer |
| 18:35 | Create | Villager (Male) |
| 18:38 | Build | Town Center |
| 18:42 | Research | Bow Saw |
| 19:02 | Research | Wheelbarrow |
| 19:06 | Create | Cavalry Archer |
| 19:36 | Create | Villager (Male) |
| 19:38 | Create | Cavalry Archer |
| 19:40 | Create | Villager (Male) |
| 19:43 | Build | Pasture |
| 19:49 | Create | Villager (Male) |
| 19:58 | Create | Cavalry Archer |
| 20:16 | Create | Villager (Male) |
| 20:18 | Build | Pasture |
| 20:22 | Build | Pasture |
| 20:26 | Create | Cavalry Archer |
| 20:27 | Create | Cavalry Archer |
| 20:37 | Create | Villager (Male) |
| 20:50 | Build | House |
| 20:51 | Build | House |
| 20:53 | Build | House |
| 20:57 | Create | Villager (Male) |
| 20:59 | Create | Cavalry Archer |
| 21:10 | Build | Pasture |
| 21:26 | Build | Lumber Camp |
| 21:29 | Create | Villager (Male) |
| 21:32 | Research | Fletching |
| 21:36 | Create | Cavalry Archer |
| 21:37 | Create | Cavalry Archer |
| 21:48 | Create | Villager (Male) |
| 21:52 | Create | Archer |
| 21:54 | Create | Cavalry Archer |
| 22:15 | Create | Villager (Male) |
| 22:23 | Build | Town Center |
| 22:29 | Create | Cavalry Archer |
| 22:32 | Create | Villager (Male) |
| 22:40 | Create | Villager (Male) |
| 22:43 | Build | House |
| 22:44 | Build | House |
| 22:59 | Research | Bodkin Arrow |
| 23:23 | Create | Villager (Male) |
| 23:24 | Create | Cavalry Archer |
| 23:24 | Create | Cavalry Archer |
| 23:34 | Create | Villager (Male) |
| 23:37 | Build | Pasture |
| 23:40 | Build | Pasture |
| 23:45 | Create | Villager (Male) |
| 23:48 | Build | Stable |
| 23:51 | Research | Tech 1013 |
| 23:56 | Create | Villager (Male) |
| 23:58 | Build | Pasture |
| 24:02 | Research | Town Watch |
| 24:18 | Create | Villager (Male) |
| 24:20 | Build | Lumber Camp |
| 24:28 | Create | Villager (Male) |
| 24:29 | Create | Villager (Male) |
| 24:33 | Create | Villager (Male) |
| 24:35 | Build | House |
| 24:36 | Build | House |
| 24:36 | Build | House |
| 24:37 | Build | House |
| 24:43 | Create | Villager (Male) |
| 24:47 | Build | Monastery |
| 25:12 | Create | Villager (Male) |
| 25:16 | Create | Villager (Male) |
| 25:17 | Create | Villager (Male) |
| 25:27 | Create | Villager (Male) |
| 25:29 | Build | Pasture |
| 25:31 | Build | Pasture |
| 25:35 | Create | Villager (Male) |
| 25:37 | Create | Monk |
| 25:53 | Build | Pasture |
| 25:58 | Create | Villager (Male) |
| 26:02 | Build | Pasture |
| 26:11 | Create | Villager (Male) |
| 26:18 | Create | Villager (Male) |
| 26:29 | Research | Padded Archer Armor |
| 26:32 | Research | Husbandry |
| 26:32 | Create | Villager (Male) |
| 26:36 | Build | Pasture |
| 27:11 | Research | Thumb Ring |
| 27:12 | Create | Cavalry Archer |
| 27:12 | Create | Cavalry Archer |
| 27:18 | Build | Archery Range |
Build order — ryannn
First 150 of 799 actions detected
| 0:13 | Build | Town Center |
| 1:46 | Build | House |
| 2:05 | Create | Villager (Male) |
| 2:06 | Create | Villager (Male) |
| 2:06 | Create | Villager (Male) |
| 2:06 | Create | Villager (Male) |
| 2:55 | Build | House |
| 3:37 | Create | Villager (Male) |
| 4:00 | Create | Villager (Male) |
| 4:01 | Create | Villager (Male) |
| 4:13 | Build | House |
| 4:30 | Create | Villager (Male) |
| 5:02 | Create | Villager (Male) |
| 5:04 | Create | Villager (Male) |
| 5:21 | Build | House |
| 5:22 | Create | Villager (Male) |
| 5:34 | Build | House |
| 5:45 | Create | Villager (Male) |
| 5:45 | Create | Villager (Male) |
| 6:34 | Create | Villager (Male) |
| 6:34 | Create | Villager (Male) |
| 6:35 | Create | Villager (Male) |
| 6:46 | Build | House |
| 7:09 | Create | Villager (Male) |
| 7:09 | Create | Villager (Male) |
| 7:30 | Create | Villager (Male) |
| 7:31 | Create | Villager (Male) |
| 7:40 | Build | Mill |
| 7:51 | Create | Villager (Male) |
| 8:17 | Build | House |
| 8:32 | Build | House |
| 9:19 | Create | Villager (Male) |
| 9:26 | Build | House |
| 9:40 | Build | Mining Camp |
| 9:41 | Create | Villager (Male) |
| 9:42 | Build | House |
| 9:54 | Build | House |
| 10:11 | Create | Villager (Male) |
| 10:47 | Research | Loom |
| 10:47 | Research | Feudal Age |
| 11:48 | Build | Barracks |
| 12:03 | Build | House |
| 12:18 | Build | Palisade Wall |
| 12:19 | Build | Palisade Wall |
| 12:20 | Build | Palisade Wall |
| 12:24 | Build | Palisade Wall |
| 12:29 | Create | Villager (Male) |
| 12:54 | Build | House |
| 13:16 | Create | Villager (Male) |
| 13:28 | Age | Feudal Age |
| 13:32 | Build | Blacksmith |
| 13:37 | Build | Archery Range |
| 13:50 | Build | Watch Tower |
| 13:59 | Build | Palisade Wall |
| 14:03 | Create | Villager (Male) |
| 14:36 | Build | Stone Wall |
| 14:46 | Create | Villager (Male) |
| 14:51 | Create | Skirmisher |
| 14:58 | Build | Market |
| 15:23 | Create | Archer |
| 15:29 | Research | Castle Age |
| 15:29 | Research | Castle Age |
| 15:30 | Create | Archer |
| 15:32 | Build | Archery Range |
| 15:37 | Create | Villager (Male) |
| 15:44 | Create | Villager (Male) |
| 15:53 | Build | House |
| 16:14 | Build | Lumber Camp |
| 16:34 | Build | Palisade Wall |
| 16:34 | Create | Villager (Male) |
| 17:00 | Create | Villager (Male) |
| 17:06 | Create | Archer |
| 17:06 | Create | Archer |
| 17:08 | Build | House |
| 17:14 | Build | House |
| 17:19 | Build | Palisade Wall |
| 17:38 | Build | House |
| 17:59 | Create | Archer |
| 17:59 | Create | Archer |
| 18:03 | Research | Double-Bit Axe |
| 18:05 | Research | Horse Collar |
| 18:07 | Research | Gold Mining |
| 18:09 | Age | Castle Age |
| 18:14 | Create | Cavalry Archer |
| 18:14 | Create | Cavalry Archer |
| 18:20 | Build | Siege Workshop |
| 18:40 | Build | House |
| 18:41 | Create | Villager (Male) |
| 18:45 | Create | Archer |
| 18:48 | Create | Cavalry Archer |
| 19:14 | Create | Villager (Male) |
| 19:15 | Create | Battering Ram |
| 19:19 | Create | Scorpion |
| 19:20 | Create | Villager (Male) |
| 19:35 | Create | Scorpion |
| 19:53 | Build | Farm |
| 19:53 | Build | Farm |
| 19:54 | Build | Farm |
| 19:54 | Build | Farm |
| 19:55 | Build | Farm |
| 19:55 | Build | Farm |
| 20:06 | Create | Cavalry Archer |
| 20:07 | Create | Cavalry Archer |
| 20:07 | Create | Villager (Male) |
| 20:31 | Create | Villager (Male) |
| 20:34 | Create | Scorpion |
| 20:38 | Build | House |
| 21:06 | Build | House |
| 21:08 | Create | Battering Ram |
| 21:12 | Create | Villager (Male) |
| 21:13 | Create | Villager (Male) |
| 21:24 | Create | Villager (Male) |
| 21:39 | Create | Villager (Male) |
| 21:50 | Create | Villager (Male) |
| 22:26 | Create | Cavalry Archer |
| 22:26 | Create | Cavalry Archer |
| 22:38 | Build | House |
| 22:39 | Create | Villager (Male) |
| 22:39 | Create | Villager (Male) |
| 22:40 | Create | Villager (Male) |
| 22:42 | Build | Town Center |
| 23:11 | Research | Fletching |
| 23:11 | Research | Fletching |
| 23:12 | Create | Archer |
| 23:12 | Create | Archer |
| 23:15 | Create | Cavalry Archer |
| 23:34 | Create | Villager (Male) |
| 23:34 | Create | Villager (Male) |
| 23:36 | Build | House |
| 23:38 | Build | House |
| 23:53 | Create | Cavalry Archer |
| 23:53 | Create | Cavalry Archer ×2 |
| 24:22 | Build | House |
| 24:39 | Build | Farm |
| 24:39 | Build | Farm |
| 24:40 | Build | Farm |
| 24:40 | Build | Farm |
| 24:51 | Create | Villager (Male) |
| 24:54 | Build | House |
| 24:57 | Create | Cavalry Archer |
| 24:57 | Create | Cavalry Archer |
| 25:07 | Create | Cavalry Archer |
| 25:15 | Create | Villager (Male) |
| 25:44 | Create | Cavalry Archer |
| 25:44 | Create | Cavalry Archer |
| 25:46 | Build | Farm |
| 25:47 | Create | Villager (Male) |
| 25:48 | Build | Farm |
| 25:49 | Build | Farm |
| 25:49 | Build | Farm |
Build order — 華緑
First 150 of 515 actions detected
| 0:06 | Build | Town Center |
| 1:38 | Build | House |
| 2:15 | Create | Villager (Male) |
| 2:15 | Create | Villager (Male) |
| 2:17 | Create | Villager (Male) |
| 2:18 | Create | Villager (Male) |
| 2:18 | Create | Villager (Male) |
| 2:31 | Build | House |
| 2:49 | Build | House |
| 3:04 | Build | House |
| 3:44 | Create | Villager (Male) |
| 4:11 | Build | House |
| 4:19 | Create | Villager (Male) |
| 4:20 | Create | Villager (Male) |
| 4:48 | Build | Lumber Camp |
| 4:50 | Create | Villager (Male) |
| 5:40 | Create | Villager (Male) |
| 5:40 | Create | Villager (Male) |
| 5:40 | Create | Villager (Male) |
| 6:09 | Build | House |
| 6:48 | Create | Villager (Male) |
| 6:48 | Create | Villager (Male) |
| 6:49 | Create | Villager (Male) |
| 6:49 | Create | Villager (Male) |
| 7:25 | Build | Mining Camp |
| 7:29 | Create | Villager (Male) |
| 7:46 | Build | House |
| 8:10 | Create | Villager (Male) |
| 8:39 | Build | House |
| 9:19 | Create | Villager (Male) |
| 9:19 | Create | Villager (Male) |
| 9:34 | Create | Villager (Male) |
| 9:45 | Build | Barracks |
| 10:34 | Research | Feudal Age |
| 10:37 | Build | House |
| 10:41 | Create | Militia |
| 10:42 | Create | Militia |
| 10:55 | Build | Mill |
| 11:10 | Create | Militia |
| 11:12 | Build | House |
| 11:24 | Create | Villager (Male) |
| 12:50 | Age | Feudal Age |
| 12:52 | Build | Archery Range |
| 12:54 | Research | Man-at-Arms (upgrade) |
| 12:57 | Research | Loom |
| 12:59 | Research | Double-Bit Axe |
| 13:09 | Create | Villager (Male) |
| 13:38 | Create | Militia |
| 13:39 | Create | Militia |
| 13:40 | Create | Villager (Male) |
| 13:40 | Create | Villager (Male) |
| 13:45 | Build | Farm |
| 13:51 | Create | Archer |
| 13:51 | Create | Archer |
| 13:55 | Build | House |
| 14:13 | Create | Archer |
| 14:37 | Build | House |
| 14:38 | Create | Villager (Male) |
| 14:38 | Create | Villager (Male) |
| 14:53 | Create | Villager (Male) |
| 15:08 | Create | Archer |
| 15:15 | Create | Villager (Male) |
| 15:18 | Build | Farm |
| 15:21 | Build | Farm |
| 15:23 | Create | Villager (Male) |
| 15:31 | Create | Militia |
| 15:39 | Build | House |
| 15:51 | Create | Villager (Male) |
| 15:56 | Build | Farm |
| 16:08 | Create | Militia |
| 16:15 | Create | Skirmisher |
| 17:10 | Create | Skirmisher |
| 17:29 | Create | Villager (Male) |
| 17:29 | Create | Villager (Male) |
| 18:05 | Create | Villager (Male) |
| 18:25 | Build | House |
| 18:29 | Build | House |
| 18:32 | Create | Villager (Male) |
| 18:55 | Build | House |
| 18:57 | Build | House |
| 19:29 | Create | Villager (Male) |
| 19:30 | Create | Villager (Male) |
| 19:39 | Build | Market |
| 19:41 | Create | Villager (Male) |
| 20:12 | Build | Farm |
| 20:16 | Build | Blacksmith |
| 20:19 | Build | Mining Camp |
| 20:58 | Create | Villager (Male) |
| 21:20 | Research | Castle Age |
| 22:21 | Build | Farm |
| 23:20 | Research | Fletching |
| 23:24 | Build | Farm |
| 23:28 | Build | Farm |
| 23:31 | Build | Farm |
| 24:03 | Age | Castle Age |
| 24:10 | Create | Villager (Male) |
| 24:23 | Build | Castle |
| 24:29 | Create | Villager (Male) |
| 24:36 | Build | Farm |
| 24:38 | Build | Farm |
| 24:59 | Create | Villager (Male) |
| 25:05 | Build | Farm |
| 25:24 | Build | Town Center |
| 25:27 | Create | Villager (Male) |
| 25:28 | Build | Farm |
| 25:35 | Create | Villager (Male) |
| 25:56 | Build | Farm |
| 25:58 | Research | Town Watch |
| 26:03 | Build | Farm |
| 26:06 | Build | Farm |
| 26:09 | Build | Farm |
| 26:13 | Build | Farm |
| 26:17 | Build | Farm |
| 26:20 | Create | Villager (Male) |
| 26:20 | Create | Villager (Male) |
| 26:24 | Build | House |
| 26:25 | Build | House |
| 26:26 | Build | House |
| 26:34 | Build | House |
| 26:35 | Build | House |
| 26:40 | Create | Villager (Male) |
| 26:46 | Build | Farm |
| 26:50 | Build | Farm |
| 26:57 | Build | House |
| 26:59 | Build | House |
| 27:02 | Build | House |
| 27:06 | Create | Villager (Male) |
| 27:06 | Create | Villager (Male) |
| 27:21 | Create | Villager (Male) |
| 27:21 | Create | Villager (Male) |
| 27:25 | Build | Farm |
| 27:29 | Create | Villager (Male) |
| 27:39 | Build | Town Center |
| 27:47 | Create | Villager (Male) |
| 28:06 | Create | Villager (Male) |
| 28:07 | Create | Villager (Male) |
| 28:13 | Build | Lumber Camp |
| 28:16 | Build | House |
| 28:36 | Create | Villager (Male) |
| 28:36 | Create | Villager (Male) |
| 29:17 | Build | University |
| 29:39 | Build | Farm |
| 29:43 | Create | Villager (Male) |
| 29:43 | Create | Villager (Male) |
| 29:45 | Research | Horse Collar |
| 30:03 | Create | Villager (Male) |
| 30:03 | Create | Villager (Male) |
| 30:08 | Research | Bodkin Arrow |
| 30:14 | Create | Villager (Male) |
| 30:14 | Create | Villager (Male) |
Build order — nogu
First 150 of 895 actions detected
| 0:29 | Build | Town Center |
| 2:21 | Create | Villager (Male) |
| 2:21 | Create | Villager (Male) |
| 2:21 | Create | Villager (Male) |
| 2:25 | Build | House |
| 2:38 | Create | Villager (Male) |
| 3:02 | Build | House |
| 3:45 | Create | Villager (Male) |
| 4:09 | Build | Lumber Camp |
| 4:12 | Create | Villager (Male) |
| 4:15 | Build | House |
| 4:26 | Create | Villager (Male) |
| 4:31 | Build | House |
| 5:05 | Create | Villager (Male) |
| 5:38 | Create | Villager (Male) |
| 6:03 | Create | Villager (Male) |
| 6:29 | Create | Villager (Male) |
| 6:49 | Build | House |
| 6:50 | Create | Villager (Male) |
| 6:50 | Create | Villager (Male) |
| 7:23 | Create | Villager (Male) |
| 7:24 | Create | Villager (Male) |
| 7:24 | Create | Villager (Male) |
| 7:30 | Research | Loom |
| 7:41 | Build | House |
| 7:45 | Create | Villager (Male) |
| 7:46 | Create | Villager (Male) |
| 7:46 | Create | Villager (Male) |
| 8:02 | Create | Villager (Male) |
| 8:03 | Create | Villager (Male) |
| 8:28 | Build | Palisade Wall |
| 8:29 | Create | Villager (Male) |
| 8:56 | Create | Villager (Male) |
| 8:56 | Create | Villager (Male) |
| 8:57 | Create | Villager (Male) |
| 8:57 | Create | Villager (Male) |
| 9:34 | Create | Villager (Male) |
| 9:34 | Create | Villager (Male) |
| 9:52 | Build | Mill |
| 11:00 | Build | Mining Camp |
| 11:47 | Research | Feudal Age |
| 12:11 | Build | Palisade Wall |
| 13:33 | Build | House |
| 13:57 | Age | Feudal Age |
| 14:04 | Create | Villager (Male) |
| 14:04 | Create | Villager (Male) |
| 14:15 | Create | Villager (Male) |
| 14:21 | Build | Market |
| 14:26 | Build | Blacksmith |
| 14:35 | Build | Palisade Wall |
| 14:38 | Build | Palisade Wall |
| 15:00 | Create | Villager (Male) |
| 15:30 | Build | Palisade Wall |
| 15:44 | Research | Castle Age |
| 15:59 | Research | Double-Bit Axe |
| 16:23 | Build | Farm |
| 16:26 | Build | Farm |
| 16:36 | Build | Farm |
| 16:40 | Build | Farm |
| 17:04 | Build | Farm |
| 17:11 | Build | Farm |
| 17:52 | Create | Villager (Male) |
| 18:24 | Age | Castle Age |
| 18:31 | Build | Town Center |
| 18:39 | Create | Villager (Male) |
| 18:41 | Research | Bow Saw |
| 18:42 | Create | Villager (Male) |
| 18:48 | Build | Town Center |
| 18:53 | Build | Farm |
| 19:18 | Build | House |
| 19:22 | Build | Farm |
| 19:34 | Create | Villager (Male) |
| 19:34 | Create | Villager (Male) |
| 19:42 | Create | Villager (Male) |
| 19:46 | Build | House |
| 19:50 | Build | Farm |
| 20:04 | Research | Horse Collar |
| 20:05 | Create | Villager (Male) |
| 20:06 | Create | Villager (Male) |
| 20:12 | Build | Farm |
| 20:23 | Create | Villager (Male) |
| 20:27 | Build | Farm |
| 20:28 | Build | Farm |
| 20:30 | Build | Farm |
| 20:33 | Build | Farm |
| 20:38 | Create | Villager (Male) |
| 20:42 | Build | House |
| 20:45 | Build | Farm |
| 20:49 | Create | Villager (Male) |
| 20:52 | Build | Farm |
| 20:59 | Build | Farm |
| 21:06 | Create | Villager (Male) |
| 21:09 | Build | Farm |
| 21:14 | Create | Villager (Male) |
| 21:15 | Create | Villager (Male) |
| 21:26 | Build | House |
| 21:28 | Build | House |
| 21:31 | Create | Villager (Male) |
| 21:31 | Create | Villager (Male) |
| 21:35 | Build | Farm |
| 21:38 | Create | Villager (Male) |
| 21:42 | Create | Villager (Male) |
| 21:42 | Create | Villager (Male) |
| 21:44 | Build | Farm |
| 21:49 | Build | Farm |
| 21:53 | Create | Villager (Male) |
| 21:56 | Build | Farm |
| 21:59 | Create | Villager (Male) |
| 22:02 | Build | House |
| 22:08 | Build | Farm |
| 22:19 | Build | Farm |
| 22:21 | Create | Villager (Male) |
| 22:23 | Create | Villager (Male) |
| 22:28 | Create | Villager (Male) |
| 22:28 | Create | Villager (Male) |
| 22:34 | Create | Villager (Male) |
| 22:43 | Create | Villager (Male) |
| 22:43 | Create | Villager (Male) |
| 22:51 | Build | Farm |
| 22:54 | Build | Farm |
| 22:55 | Create | Villager (Male) |
| 22:56 | Create | Villager (Male) |
| 23:06 | Create | Villager (Male) |
| 23:18 | Research | Wheelbarrow |
| 23:20 | Create | Villager (Male) |
| 23:20 | Create | Villager (Male) |
| 23:25 | Build | Farm |
| 23:31 | Create | Villager (Male) |
| 23:40 | Create | Villager (Male) |
| 23:55 | Build | Barracks |
| 24:00 | Create | Villager (Male) |
| 24:00 | Create | Villager (Male) |
| 24:05 | Create | Villager (Male) |
| 24:07 | Create | Villager (Male) |
| 24:07 | Create | Villager (Male) |
| 24:18 | Build | House |
| 24:19 | Build | House |
| 24:23 | Create | Villager (Male) |
| 24:24 | Create | Villager (Male) |
| 24:29 | Build | Farm |
| 24:32 | Build | Farm |
| 24:34 | Create | Villager (Male) |
| 24:34 | Create | Villager (Male) |
| 24:46 | Create | Villager (Male) |
| 24:47 | Create | Villager (Male) |
| 24:58 | Research | Hand Cart |
| 25:03 | Create | Villager (Male) |
| 25:03 | Create | Villager (Male) |
| 25:10 | Build | Stable |
| 25:14 | Create | Villager (Male) |
Build order — NicoBtan
First 150 of 539 actions detected
| 0:33 | Build | Town Center |
| 1:55 | Build | House |
| 2:29 | Create | Villager (Male) ×4 |
| 2:30 | Create | Villager (Male) ×4 |
| 3:36 | Create | Villager (Male) |
| 3:36 | Create | Villager (Male) |
| 4:13 | Build | House |
| 4:32 | Create | Villager (Male) ×2 |
| 4:32 | Create | Villager (Male) ×2 |
| 4:51 | Create | Villager (Male) |
| 4:59 | Create | Villager (Male) |
| 5:34 | Build | Lumber Camp |
| 5:56 | Create | Villager (Male) |
| 5:57 | Create | Villager (Male) |
| 6:27 | Create | Villager (Male) |
| 6:27 | Create | Villager (Male) |
| 6:29 | Create | Villager (Male) |
| 6:33 | Build | House |
| 7:29 | Create | Villager (Male) ×2 |
| 7:42 | Create | Villager (Male) |
| 8:10 | Build | Mill |
| 8:16 | Build | House |
| 8:30 | Create | Villager (Male) |
| 8:33 | Build | House |
| 8:48 | Build | House |
| 9:38 | Create | Villager (Male) |
| 9:41 | Build | House |
| 9:45 | Build | House |
| 9:54 | Research | Loom |
| 9:54 | Create | Villager (Male) |
| 10:24 | Create | Villager (Male) |
| 10:24 | Create | Villager (Male) |
| 10:28 | Build | House |
| 10:38 | Build | Mining Camp |
| 11:09 | Build | House |
| 11:10 | Build | House |
| 11:32 | Research | Feudal Age |
| 12:47 | Build | House |
| 13:12 | Create | Villager (Male) |
| 13:12 | Create | Villager (Male) |
| 13:34 | Build | House |
| 13:44 | Age | Feudal Age |
| 13:50 | Build | Market |
| 14:11 | Build | Blacksmith |
| 14:33 | Create | Villager (Male) |
| 14:47 | Research | Castle Age |
| 15:04 | Research | Double-Bit Axe |
| 15:34 | Build | House |
| 15:42 | Build | Palisade Wall |
| 15:44 | Build | House |
| 16:20 | Build | Palisade Wall |
| 16:25 | Build | House |
| 16:26 | Build | House |
| 16:37 | Build | Palisade Wall |
| 16:37 | Build | Palisade Wall |
| 16:47 | Create | Villager (Male) |
| 17:39 | Age | Castle Age |
| 17:40 | Research | Bow Saw |
| 17:43 | Research | Horse Collar |
| 17:44 | Create | Villager (Male) |
| 18:13 | Build | Castle |
| 18:19 | Build | Palisade Wall |
| 18:25 | Create | Villager (Male) |
| 18:28 | Research | Heavy Plow |
| 18:29 | Create | Villager (Male) |
| 19:10 | Build | Lumber Camp |
| 19:12 | Create | Conquistador |
| 19:12 | Create | Conquistador |
| 19:13 | Create | Villager (Male) |
| 19:33 | Build | Building 804 |
| 19:36 | Build | Building 796 |
| 19:43 | Build | Palisade Wall |
| 19:47 | Create | Villager (Male) |
| 19:58 | Build | Building 800 |
| 20:00 | Build | House |
| 20:06 | Create | Conquistador |
| 20:11 | Create | Villager (Male) |
| 21:04 | Create | Conquistador |
| 21:05 | Create | Villager (Male) |
| 21:06 | Create | Villager (Male) |
| 21:10 | Build | Farm |
| 21:11 | Build | Farm |
| 21:11 | Build | Farm |
| 21:13 | Build | Farm |
| 21:15 | Create | Villager (Male) |
| 21:16 | Create | Villager (Male) |
| 21:22 | Create | Conquistador |
| 21:22 | Create | Conquistador |
| 21:41 | Create | Villager (Male) |
| 21:58 | Build | Farm |
| 21:59 | Build | Farm |
| 22:00 | Build | Farm |
| 22:01 | Build | Farm |
| 22:29 | Create | Conquistador |
| 22:29 | Create | Conquistador |
| 22:30 | Create | Villager (Male) |
| 22:37 | Research | Padded Archer Armor |
| 22:38 | Create | Villager (Male) |
| 22:54 | Build | Farm |
| 22:54 | Build | Farm |
| 22:55 | Build | Farm |
| 22:57 | Build | Farm |
| 22:58 | Build | Farm |
| 22:59 | Build | Farm |
| 23:00 | Build | Farm |
| 23:06 | Create | Conquistador |
| 23:10 | Build | Farm |
| 23:17 | Build | Farm |
| 23:33 | Build | House |
| 23:35 | Build | House |
| 23:50 | Create | Villager (Male) |
| 23:55 | Create | Villager (Male) |
| 24:02 | Build | Farm |
| 24:14 | Build | Town Center |
| 24:15 | Create | Villager (Male) |
| 24:24 | Create | Conquistador |
| 24:24 | Create | Conquistador |
| 24:27 | Create | Villager (Male) |
| 25:30 | Create | Villager (Male) |
| 25:31 | Create | Conquistador |
| 25:34 | Research | Wheelbarrow |
| 25:35 | Create | Villager (Male) |
| 25:42 | Build | Farm |
| 25:45 | Build | Farm |
| 25:53 | Build | Building 796 |
| 25:57 | Build | Barracks |
| 26:04 | Create | Villager (Male) |
| 26:19 | Create | Conquistador |
| 26:19 | Create | Conquistador |
| 26:20 | Create | Villager (Male) |
| 26:27 | Create | Villager (Male) |
| 26:52 | Create | Villager (Male) |
| 26:53 | Create | Villager (Male) |
| 26:54 | Create | Conquistador |
| 26:55 | Create | Villager (Male) |
| 27:02 | Build | Farm |
| 27:04 | Build | Farm |
| 27:04 | Build | Farm |
| 27:07 | Build | Farm |
| 27:23 | Create | Villager (Male) |
| 27:24 | Create | Villager (Male) |
| 27:24 | Create | Conquistador |
| 27:25 | Create | Conquistador |
| 27:32 | Build | Stable |
| 27:36 | Build | Farm |
| 27:43 | Build | Farm |
| 27:46 | Create | Villager (Male) |
| 28:08 | Research | Husbandry |
| 28:10 | Research | Bloodlines |
| 28:17 | Create | Villager (Male) |
Build order — blackhouse
First 150 of 632 actions detected
| 0:11 | Build | Town Center |
| 1:04 | Build | Mill |
| 1:26 | Build | House |
| 1:35 | Build | House |
| 2:05 | Create | Villager (Male) |
| 2:06 | Create | Villager (Male) |
| 2:06 | Create | Villager (Male) |
| 2:06 | Create | Villager (Male) |
| 3:14 | Create | Villager (Male) |
| 4:03 | Create | Villager (Male) |
| 4:04 | Create | Villager (Male) |
| 4:21 | Build | House |
| 5:04 | Create | Villager (Male) |
| 5:04 | Create | Villager (Male) |
| 5:04 | Create | Villager (Male) |
| 5:06 | Build | House |
| 5:26 | Create | Villager (Male) |
| 6:10 | Create | Villager (Male) |
| 6:39 | Build | House |
| 6:57 | Create | Villager (Male) |
| 6:57 | Create | Villager (Male) |
| 6:57 | Create | Villager (Male) |
| 6:58 | Create | Villager (Male) |
| 6:58 | Create | Villager (Male) |
| 7:06 | Create | Villager (Male) |
| 7:11 | Create | Villager (Male) |
| 7:41 | Create | Villager (Male) |
| 7:59 | Create | Villager (Male) |
| 8:21 | Build | Lumber Camp |
| 8:47 | Create | Villager (Male) |
| 9:04 | Create | Villager (Male) |
| 9:19 | Research | Loom |
| 9:22 | Build | House |
| 9:23 | Create | Villager (Male) |
| 9:33 | Build | Palisade Wall |
| 9:54 | Create | Villager (Male) |
| 10:10 | Research | Feudal Age |
| 10:10 | Research | Feudal Age |
| 10:58 | Build | Palisade Wall |
| 11:02 | Create | Villager (Male) |
| 11:29 | Build | Barracks |
| 12:09 | Create | Villager (Male) |
| 12:19 | Create | Villager (Male) |
| 12:20 | Age | Feudal Age |
| 12:25 | Build | House |
| 12:29 | Build | Stable |
| 12:38 | Build | Palisade Wall |
| 12:43 | Research | Double-Bit Axe |
| 12:43 | Create | Villager (Male) |
| 12:53 | Research | Horse Collar |
| 13:07 | Build | House |
| 13:11 | Create | Scout Cavalry |
| 13:11 | Create | Scout Cavalry |
| 13:11 | Create | Scout Cavalry |
| 13:12 | Create | Scout Cavalry |
| 13:12 | Create | Scout Cavalry |
| 13:17 | Create | Villager (Male) |
| 13:33 | Build | Mill |
| 13:40 | Research | Town Watch |
| 13:41 | Create | Villager (Male) |
| 13:44 | Build | Palisade Wall |
| 13:48 | Build | Palisade Wall |
| 13:48 | Build | Palisade Wall |
| 13:51 | Create | Scout Cavalry |
| 13:54 | Build | Farm |
| 13:58 | Build | Farm |
| 14:14 | Build | House |
| 14:17 | Create | Spearman |
| 14:20 | Build | House |
| 14:26 | Create | Scout Cavalry |
| 14:29 | Build | House |
| 14:30 | Build | Palisade Wall |
| 14:41 | Build | House |
| 14:47 | Create | Villager (Male) |
| 15:02 | Build | Palisade Wall |
| 15:09 | Build | Farm |
| 15:14 | Build | House |
| 15:23 | Create | Villager (Male) |
| 15:27 | Build | Farm |
| 15:30 | Create | Villager (Male) |
| 15:44 | Create | Scout Cavalry |
| 15:46 | Build | Farm |
| 15:49 | Build | Farm |
| 15:58 | Create | Villager (Male) |
| 15:59 | Build | Farm |
| 16:01 | Build | Farm |
| 16:03 | Create | Scout Cavalry |
| 16:15 | Build | House |
| 16:19 | Build | Farm |
| 16:22 | Create | Villager (Male) |
| 16:23 | Build | Farm |
| 16:34 | Create | Villager (Male) |
| 16:36 | Build | Farm |
| 16:40 | Build | Mining Camp |
| 17:31 | Create | Villager (Male) |
| 17:33 | Build | Farm |
| 17:42 | Create | Villager (Male) |
| 17:57 | Create | Villager (Male) |
| 18:03 | Build | House |
| 18:11 | Research | Wheelbarrow |
| 18:16 | Build | Blacksmith |
| 18:18 | Create | Villager (Male) |
| 18:21 | Build | Palisade Wall |
| 18:30 | Create | Villager (Male) |
| 18:40 | Build | Palisade Wall |
| 18:57 | Create | Villager (Male) |
| 19:02 | Build | Farm |
| 19:05 | Create | Villager (Male) |
| 19:09 | Build | Mill |
| 19:25 | Create | Villager (Male) |
| 19:29 | Build | Palisade Gate |
| 19:30 | Build | Palisade Wall |
| 19:43 | Create | Villager (Male) |
| 19:45 | Build | House |
| 19:54 | Build | House |
| 20:11 | Create | Villager (Male) |
| 20:15 | Build | House |
| 20:31 | Research | Castle Age |
| 20:36 | Build | House |
| 20:39 | Build | House |
| 20:40 | Build | House |
| 20:54 | Build | House |
| 21:30 | Research | Bloodlines |
| 21:31 | Create | Camel Scout |
| 21:50 | Research | Scale Barding Armor |
| 21:50 | Research | Scale Barding Armor |
| 21:53 | Research | Forging |
| 22:29 | Create | Villager (Male) |
| 22:38 | Create | Camel Scout |
| 22:55 | Research | Gold Mining |
| 23:09 | Create | Villager (Male) |
| 23:16 | Age | Castle Age |
| 23:20 | Research | Husbandry |
| 23:24 | Create | Camel Scout |
| 23:27 | Create | Villager (Male) |
| 23:31 | Build | Town Center |
| 23:36 | Create | Villager (Male) |
| 23:42 | Create | Villager (Male) |
| 23:59 | Create | Villager (Male) |
| 24:03 | Create | Villager (Male) |
| 24:17 | Create | Villager (Male) |
| 24:31 | Create | Villager (Male) |
| 25:12 | Create | Villager (Male) |
| 25:17 | Create | Villager (Male) |
| 25:20 | Build | Monastery |
| 25:23 | Create | Villager (Male) |
| 25:26 | Create | Villager (Male) |
| 25:31 | Create | Villager (Male) |
| 25:35 | Build | Town Center |
| 26:00 | Create | Villager (Male) |
Build order — SAKAKI
First 150 of 804 actions detected
| 0:07 | Build | Town Center |
| 2:09 | Create | Villager (Male) |
| 2:09 | Create | Villager (Male) |
| 2:09 | Create | Villager (Male) |
| 2:10 | Create | Villager (Male) |
| 2:26 | Build | House |
| 3:42 | Create | Villager (Male) |
| 3:55 | Build | House |
| 3:58 | Create | Villager (Male) |
| 4:34 | Create | Villager (Male) |
| 4:36 | Create | Villager (Male) |
| 5:10 | Create | Villager (Male) |
| 5:13 | Build | House |
| 5:27 | Build | House |
| 5:47 | Create | Villager (Male) |
| 6:14 | Create | Villager (Male) |
| 6:36 | Build | House |
| 6:37 | Create | Villager (Male) |
| 6:41 | Build | House |
| 6:43 | Build | House |
| 6:56 | Build | House |
| 7:07 | Create | Villager (Male) |
| 7:18 | Build | House |
| 7:20 | Build | Palisade Wall |
| 7:29 | Create | Villager (Male) |
| 7:51 | Build | Barracks |
| 7:55 | Create | Villager (Male) |
| 8:02 | Build | Mill |
| 8:19 | Create | Villager (Male) |
| 8:42 | Research | Loom |
| 9:16 | Research | Feudal Age |
| 9:43 | Build | House |
| 9:51 | Build | Lumber Camp |
| 10:01 | Build | House |
| 11:09 | Create | Villager (Male) |
| 11:26 | Create | Villager (Male) |
| 11:26 | Age | Feudal Age |
| 11:32 | Build | Stable |
| 11:39 | Research | Double-Bit Axe |
| 11:45 | Research | Horse Collar |
| 12:01 | Create | Villager (Male) |
| 12:07 | Build | House |
| 12:17 | Build | Farm |
| 12:18 | Create | Villager (Male) |
| 12:26 | Create | Scout Cavalry |
| 12:27 | Create | Scout Cavalry |
| 12:30 | Build | Palisade Wall |
| 12:34 | Build | Farm |
| 12:38 | Build | Palisade Wall |
| 12:38 | Build | Palisade Wall |
| 12:43 | Create | Villager (Male) |
| 12:53 | Create | Villager (Male) |
| 13:00 | Create | Scout Cavalry |
| 13:11 | Build | Farm |
| 13:13 | Build | Farm |
| 13:18 | Build | Farm |
| 13:19 | Build | Farm |
| 13:22 | Create | Villager (Male) |
| 13:36 | Build | House |
| 13:38 | Build | Palisade Wall |
| 13:39 | Build | Palisade Wall |
| 13:43 | Create | Villager (Male) |
| 13:53 | Create | Scout Cavalry |
| 13:55 | Build | Farm |
| 14:25 | Create | Scout Cavalry |
| 14:27 | Create | Villager (Male) |
| 14:35 | Build | Farm |
| 14:36 | Build | Farm |
| 14:41 | Create | Villager (Male) |
| 14:48 | Build | Farm |
| 15:02 | Create | Villager (Male) |
| 15:06 | Create | Villager (Male) |
| 15:23 | Create | Villager (Male) |
| 15:33 | Create | Villager (Male) |
| 15:35 | Build | Mining Camp |
| 15:38 | Build | Palisade Wall |
| 15:42 | Create | Spearman |
| 15:45 | Build | House |
| 15:47 | Research | Wheelbarrow |
| 15:57 | Build | House |
| 16:10 | Build | Palisade Wall |
| 16:41 | Create | Villager (Male) |
| 16:44 | Build | Farm |
| 17:02 | Build | House |
| 17:12 | Create | Villager (Male) |
| 17:19 | Create | Villager (Male) |
| 17:24 | Build | Blacksmith |
| 17:25 | Build | Palisade Wall |
| 17:40 | Create | Villager (Male) |
| 17:42 | Build | House |
| 18:06 | Create | Villager (Male) |
| 18:12 | Build | Farm |
| 18:24 | Build | Palisade Wall |
| 18:27 | Build | Palisade Wall |
| 18:41 | Research | Castle Age |
| 19:34 | Build | Palisade Wall |
| 19:41 | Build | Palisade Wall |
| 19:52 | Create | Spearman |
| 19:53 | Create | Spearman |
| 20:39 | Create | Spearman |
| 20:43 | Research | Scale Mail Armor |
| 20:48 | Create | Villager (Male) |
| 21:11 | Create | Spearman |
| 21:18 | Build | House |
| 21:21 | Build | House |
| 21:22 | Build | Palisade Wall |
| 21:24 | Build | Palisade Wall |
| 21:26 | Create | Villager (Male) |
| 21:37 | Age | Castle Age |
| 21:39 | Build | Town Center |
| 22:25 | Build | Siege Workshop |
| 22:27 | Create | Villager (Male) |
| 22:29 | Create | Villager (Male) |
| 22:49 | Create | Villager (Male) |
| 22:57 | Build | Siege Workshop |
| 22:59 | Create | Villager (Male) |
| 23:02 | Build | Palisade Wall |
| 23:08 | Create | Villager (Male) |
| 23:14 | Build | Town Center |
| 23:22 | Build | Town Center |
| 23:23 | Create | Villager (Male) |
| 23:28 | Create | Spearman |
| 23:31 | Create | Spearman |
| 23:36 | Create | Villager (Male) |
| 24:00 | Create | Villager (Male) |
| 24:02 | Create | Mangonel |
| 24:07 | Build | Monastery |
| 24:10 | Create | Villager (Male) |
| 24:23 | Create | Villager (Male) |
| 24:30 | Create | Villager (Male) |
| 24:33 | Build | Farm |
| 24:35 | Research | Pikeman (upgrade) |
| 24:48 | Create | Villager (Male) |
| 24:58 | Create | Mangonel |
| 25:00 | Build | House |
| 25:00 | Create | Monk |
| 25:03 | Create | Villager (Male) |
| 25:19 | Create | Villager (Male) |
| 25:20 | Create | Villager (Male) |
| 25:30 | Create | Monk |
| 25:31 | Create | Villager (Male) |
| 25:38 | Create | Villager (Male) |
| 25:42 | Build | Siege Workshop |
| 26:08 | Create | Mangonel |
| 26:09 | Create | Villager (Male) |
| 26:13 | Create | Scorpion |
| 26:16 | Create | Villager (Male) |
| 26:30 | Create | Villager (Male) |
| 26:32 | Create | Villager (Male) |
| 26:35 | Create | Scorpion |
Build order — iwa-ku
First 150 of 1090 actions detected
| 0:10 | Build | Town Center |
| 1:04 | Build | House |
| 1:38 | Build | House |
| 1:57 | Create | Villager (Male) |
| 1:59 | Create | Villager (Male) |
| 2:02 | Create | Villager (Male) |
| 2:03 | Create | Villager (Male) |
| 3:09 | Create | Villager (Male) |
| 3:28 | Create | Villager (Male) |
| 3:39 | Build | Lumber Camp |
| 4:21 | Create | Villager (Male) |
| 4:23 | Create | Villager (Male) |
| 4:30 | Build | Palisade Wall |
| 4:46 | Create | Villager (Male) |
| 4:51 | Research | Loom |
| 4:56 | Build | House |
| 4:59 | Create | Villager (Male) |
| 5:00 | Create | Villager (Male) |
| 5:23 | Build | House |
| 5:48 | Create | Villager (Male) |
| 5:53 | Create | Villager (Male) |
| 6:07 | Create | Villager (Male) |
| 6:37 | Build | Mill |
| 6:48 | Create | Villager (Male) |
| 7:08 | Build | Palisade Wall |
| 7:17 | Create | Villager (Male) |
| 8:00 | Create | Villager (Male) |
| 8:17 | Build | House |
| 8:17 | Build | House |
| 8:34 | Create | Villager (Male) |
| 8:59 | Create | Villager (Male) |
| 9:05 | Build | House |
| 9:06 | Build | Palisade Wall |
| 9:10 | Build | Mill |
| 9:15 | Create | Villager (Male) |
| 9:46 | Create | Villager (Male) |
| 10:01 | Build | Palisade Wall |
| 10:07 | Create | Villager (Male) |
| 10:24 | Build | Mining Camp |
| 10:38 | Research | Feudal Age |
| 11:42 | Create | Villager (Male) |
| 11:42 | Create | Villager (Male) |
| 12:08 | Build | Palisade Wall |
| 12:52 | Age | Feudal Age |
| 12:55 | Build | Market |
| 12:57 | Build | Blacksmith |
| 13:03 | Build | Blacksmith |
| 13:47 | Research | Castle Age |
| 13:52 | Build | House |
| 13:53 | Build | House |
| 13:54 | Build | Palisade Gate |
| 14:25 | Build | Lumber Camp |
| 14:34 | Research | Double-Bit Axe |
| 15:01 | Research | Horse Collar |
| 15:45 | Create | Villager (Male) |
| 16:27 | Age | Castle Age |
| 16:29 | Build | Town Center |
| 16:32 | Create | Villager (Male) |
| 16:37 | Build | Town Center |
| 16:52 | Research | Bow Saw |
| 16:52 | Research | Bow Saw |
| 17:03 | Create | Villager (Male) |
| 17:08 | Build | Farm |
| 17:19 | Build | Farm |
| 17:21 | Create | Villager (Male) |
| 17:31 | Create | Villager (Male) |
| 17:34 | Build | Farm |
| 17:38 | Build | Farm |
| 17:48 | Build | Farm |
| 17:51 | Create | Villager (Male) |
| 17:55 | Build | Farm |
| 18:01 | Create | Villager (Male) |
| 18:11 | Build | Farm |
| 18:18 | Build | Farm |
| 18:24 | Build | Farm |
| 18:30 | Create | Villager (Male) |
| 18:35 | Build | Farm |
| 18:40 | Create | Villager (Male) |
| 18:44 | Build | Farm |
| 18:46 | Build | Farm |
| 18:56 | Build | Farm |
| 19:01 | Build | Farm |
| 19:02 | Create | Villager (Male) |
| 19:02 | Create | Villager (Male) |
| 19:08 | Create | Villager (Male) |
| 19:08 | Create | Villager (Male) |
| 19:23 | Build | Farm |
| 19:23 | Create | Villager (Male) |
| 19:25 | Build | Farm |
| 19:27 | Build | Farm |
| 19:37 | Create | Villager (Male) |
| 19:37 | Create | Villager (Male) |
| 19:41 | Build | Farm |
| 19:41 | Create | Villager (Male) |
| 19:55 | Build | Farm |
| 19:55 | Create | Villager (Male) |
| 19:59 | Build | Farm |
| 20:06 | Create | Villager (Male) |
| 20:07 | Build | Farm |
| 20:12 | Create | Villager (Male) |
| 20:12 | Create | Villager (Male) |
| 20:21 | Create | Villager (Male) |
| 20:26 | Build | Farm |
| 20:28 | Create | Villager (Male) |
| 20:34 | Build | House |
| 20:35 | Build | House |
| 20:37 | Build | House |
| 20:38 | Build | Palisade Wall |
| 20:39 | Build | Palisade Wall |
| 20:42 | Create | Villager (Male) |
| 20:42 | Create | Villager (Male) |
| 20:52 | Create | Villager (Male) |
| 20:57 | Create | Villager (Male) |
| 21:03 | Create | Villager (Male) |
| 21:03 | Create | Villager (Male) |
| 21:10 | Build | Town Center |
| 21:11 | Create | Villager (Male) |
| 21:21 | Create | Villager (Male) |
| 21:30 | Build | Farm |
| 21:32 | Create | Villager (Male) |
| 21:32 | Create | Villager (Male) |
| 21:32 | Create | Villager (Male) |
| 21:38 | Build | Farm |
| 21:39 | Build | Farm |
| 21:45 | Build | Farm |
| 21:47 | Build | Farm |
| 21:48 | Create | Villager (Male) |
| 21:48 | Create | Villager (Male) |
| 21:48 | Create | Villager (Male) |
| 21:54 | Create | Villager (Male) |
| 22:00 | Build | House |
| 22:01 | Build | House |
| 22:01 | Build | House |
| 22:13 | Create | Villager (Male) |
| 22:13 | Create | Villager (Male) |
| 22:16 | Create | Villager (Male) |
| 22:27 | Research | Wheelbarrow |
| 22:34 | Create | Villager (Male) |
| 22:37 | Build | Farm |
| 22:39 | Build | Farm |
| 22:42 | Create | Villager (Male) |
| 22:43 | Create | Villager (Male) |
| 22:50 | Create | Villager (Male) |
| 22:56 | Build | Barracks |
| 22:59 | Create | Villager (Male) |
| 23:04 | Build | Farm |
| 23:04 | Create | Villager (Male) |
| 23:07 | Build | Farm |
| 23:09 | Build | Farm |
| 23:11 | Create | Villager (Male) |
Match timeline
| 4:30 | iwa-ku · wall_segment Palisade Wall x1 |
| 7:08 | iwa-ku · wall_segment Palisade Wall x1 |
| 7:20 | SAKAKI · wall_segment Palisade Wall x11 |
| 7:51 | SAKAKI · first_building Barracks |
| 8:11 | aran1234 · wall_segment Palisade Wall x6 |
| 8:17 | aran1234 · wall_segment Palisade Wall x4 |
| 8:20 | aran1234 · wall_segment Palisade Wall x6 |
| 8:28 | nogu · wall_segment Palisade Wall x8 |
| 9:06 | iwa-ku · wall_segment Palisade Wall x1 |
| 9:33 | blackhouse · wall_segment Palisade Wall x1 |
| 9:45 | 華緑 · first_building Barracks |
| 10:01 | iwa-ku · wall_segment Palisade Wall x3 |
| 10:58 | blackhouse · wall_segment Palisade Wall x2 |
| 11:26 | SAKAKI · age_up feudal |
| 11:29 | blackhouse · first_building Barracks |
| 11:32 | SAKAKI · first_building Stable |
| 11:48 | ryannn · first_building Barracks |
| 12:08 | iwa-ku · wall_segment Palisade Wall x7 |
| 12:11 | nogu · wall_segment Palisade Wall x11 |
| 12:18 | ryannn · wall_segment Palisade Wall x1 |
| 12:19 | ryannn · wall_segment Palisade Wall x1 |
| 12:20 | blackhouse · age_up feudal |
| 12:20 | ryannn · wall_segment Palisade Wall x1 |
| 12:24 | ryannn · wall_segment Palisade Wall x1 |
| 12:29 | blackhouse · first_building Stable |
| 12:30 | SAKAKI · wall_segment Palisade Wall x1 |
| 12:38 | SAKAKI · wall_segment Palisade Wall x12 |
| 12:38 | SAKAKI · wall_segment Palisade Wall x3 |
| 12:38 | blackhouse · wall_segment Palisade Wall x1 |
| 12:46 | aran1234 · first_building Barracks |
| 12:50 | 華緑 · age_up feudal |
| 12:52 | iwa-ku · age_up feudal |
| 12:52 | 華緑 · first_building Archery Range |
| 13:28 | ryannn · age_up feudal |
| 13:37 | ryannn · first_building Archery Range |
| 13:38 | SAKAKI · wall_segment Palisade Wall x9 |
| 13:39 | SAKAKI · wall_segment Palisade Wall x6 |
| 13:44 | NicoBtan · age_up feudal |
| 13:44 | blackhouse · wall_segment Palisade Wall x2 |
| 13:46 | aran1234 · wall_segment Palisade Wall x4 |
| 13:48 | blackhouse · wall_segment Palisade Wall x2 |
| 13:48 | blackhouse · wall_segment Palisade Wall x1 |
| 13:57 | nogu · age_up feudal |
| 13:59 | ryannn · wall_segment Palisade Wall x1 |
| 14:17 | aran1234 · age_up feudal |
| 14:26 | aran1234 · first_building Archery Range |
| 14:30 | blackhouse · wall_segment Palisade Wall x1 |
| 14:35 | nogu · wall_segment Palisade Wall x1 |
| 14:36 | ryannn · wall_segment Stone Wall x1 |
| 14:38 | nogu · wall_segment Palisade Wall x1 |
| 14:49 | aran1234 · wall_segment Palisade Wall x1 |
| 14:50 | aran1234 · wall_segment Palisade Wall x1 |
| 15:02 | blackhouse · wall_segment Palisade Wall x1 |
| 15:28 | ryannn · first_market_sell 100 food |
| 15:30 | nogu · wall_segment Palisade Wall x3 |
| 15:38 | SAKAKI · wall_segment Palisade Wall x6 |
| 15:42 | NicoBtan · wall_segment Palisade Wall x7 |
| 16:10 | SAKAKI · wall_segment Palisade Wall x4 |
| 16:20 | NicoBtan · wall_segment Palisade Wall x5 |
| 16:27 | iwa-ku · age_up castle |
| 16:34 | ryannn · wall_segment Palisade Wall x1 |
| 16:37 | NicoBtan · wall_segment Palisade Wall x1 |
| 16:37 | NicoBtan · wall_segment Palisade Wall x1 |
| 17:07 | aran1234 · wall_segment Palisade Wall x1 |
| 17:09 | aran1234 · wall_segment Palisade Wall x1 |
| 17:19 | ryannn · wall_segment Palisade Wall x1 |
| 17:25 | SAKAKI · wall_segment Palisade Wall x3 |
| 17:39 | NicoBtan · age_up castle |
| 18:09 | ryannn · age_up castle |
| 18:13 | NicoBtan · first_building Castle |
| 18:19 | NicoBtan · wall_segment Palisade Wall x1 |
| 18:20 | ryannn · first_building Siege Workshop |
| 18:21 | blackhouse · wall_segment Palisade Wall x1 |
| 18:24 | nogu · age_up castle |
| 18:24 | SAKAKI · wall_segment Palisade Wall x3 |
| 18:27 | SAKAKI · wall_segment Palisade Wall x5 |
| 18:29 | aran1234 · age_up castle |
| 18:40 | blackhouse · wall_segment Palisade Wall x8 |
| 19:30 | blackhouse · wall_segment Palisade Wall x2 |
| 19:34 | SAKAKI · wall_segment Palisade Wall x1 |
| 19:41 | SAKAKI · wall_segment Palisade Wall x1 |
| 19:43 | NicoBtan · wall_segment Palisade Wall x1 |
| 20:38 | iwa-ku · wall_segment Palisade Wall x1 |
| 20:39 | iwa-ku · wall_segment Palisade Wall x1 |
| 20:42 | 華緑 · first_market_sell 100 wood |
| 20:57 | 華緑 · first_market_buy 100 food |
| 21:19 | ryannn · first_market_buy 100 stone |
| 21:22 | SAKAKI · wall_segment Palisade Wall x1 |
| 21:24 | SAKAKI · wall_segment Palisade Wall x1 |
| 21:37 | SAKAKI · age_up castle |
| 22:25 | SAKAKI · first_building Siege Workshop |
| 22:56 | iwa-ku · first_building Barracks |
| 23:02 | SAKAKI · wall_segment Palisade Wall x1 |
| 23:16 | blackhouse · age_up castle |
| 23:48 | aran1234 · first_building Stable |
| 23:55 | nogu · first_building Barracks |
| 24:03 | 華緑 · age_up castle |
| 24:07 | SAKAKI · first_building Monastery |
| 24:23 | 華緑 · first_building Castle |
| 24:30 | iwa-ku · first_building Stable |
| 24:47 | aran1234 · first_building Monastery |
| 25:10 | nogu · first_building Stable |
| 25:20 | blackhouse · first_building Monastery |
| 25:39 | iwa-ku · wall_segment Palisade Wall x1 |
| 25:40 | iwa-ku · wall_segment Palisade Wall x1 |
| 25:41 | iwa-ku · wall_segment Palisade Wall x1 |
| 25:57 | NicoBtan · first_building Barracks |
| 26:49 | nogu · first_market_buy 100 stone |
| 26:52 | nogu · first_market_sell 100 food |
| 27:32 | NicoBtan · first_building Stable |
| 27:57 | iwa-ku · first_building Monastery |
| 28:25 | nogu · first_building Castle |
| 28:52 | nogu · first_building Siege Workshop |
| 32:00 | iwa-ku · age_up imperial |
| 32:07 | iwa-ku · first_market_sell 100 wood |
| 32:17 | SAKAKI · first_building Castle |
| 32:20 | aran1234 · first_building Castle |
| 32:37 | aran1234 · first_market_sell 100 wood |
| 32:56 | ryannn · first_building Castle |
| 32:59 | blackhouse · first_building Siege Workshop |
| 33:13 | iwa-ku · first_building Siege Workshop |
| 33:33 | iwa-ku · first_building Castle |
| 33:47 | NicoBtan · first_market_sell 100 wood |
| 34:50 | SAKAKI · first_market_buy 100 food |
| 36:07 | ryannn · first_building Stable |
| 36:44 | nogu · age_up imperial |
| 36:56 | blackhouse · age_up imperial |
| 37:00 | aran1234 · age_up imperial |
| 37:17 | NicoBtan · age_up imperial |
| 38:23 | blackhouse · first_market_sell 500 wood |
| 39:25 | SAKAKI · age_up imperial |
| 40:01 | SAKAKI · first_market_sell 100 food |
| 40:24 | iwa-ku · wall_segment Stone Wall x1 |
| 40:26 | iwa-ku · wall_segment Stone Wall x1 |
| 40:27 | iwa-ku · wall_segment Stone Wall x1 |
| 41:20 | 華緑 · age_up imperial |
| 41:38 | ryannn · age_up imperial |
| 42:49 | NicoBtan · wall_segment Stone Wall x1 |
| 42:52 | blackhouse · first_building Castle |
| 43:11 | nogu · first_building Archery Range |
| 43:37 | blackhouse · wall_segment Stone Wall x1 |
| 43:56 | blackhouse · wall_segment Stone Wall x1 |
| 45:03 | SAKAKI · first_building Archery Range |
| 45:30 | aran1234 · first_building Siege Workshop |
| 45:34 | iwa-ku · wall_segment Palisade Wall x1 |
| 45:43 | ryannn · first_building Monastery |
| 46:49 | NicoBtan · first_building Monastery |
| 47:34 | blackhouse · wall_segment Stone Wall x24 |
| 51:42 | nogu · first_building Monastery |
| 52:11 | NicoBtan · first_building Archery Range |
| 52:27 | 華緑 · first_building Siege Workshop |
| 52:57 | nogu · tribute_sent a jugador 1 |
| 52:57 | nogu · tribute_sent a jugador 2 |
| 52:57 | nogu · tribute_sent a jugador 4 |
| 52:57 | nogu · tribute_sent a jugador 5 |
| 52:57 | nogu · tribute_sent a jugador 6 |
| 52:57 | nogu · tribute_sent a jugador 7 |
| 52:57 | nogu · tribute_sent a jugador 8 |
| 53:21 | iwa-ku · first_market_buy 100 stone |
| 54:08 | NicoBtan · first_building Siege Workshop |
| 56:44 | blackhouse · wall_segment Stone Wall x20 |
| 58:17 | aran1234 · first_market_buy 100 wood |
| 59:49 | iwa-ku · resign |
[ AI ANALYSIS · 1 CREDIT ]
What really happened in this match?
Wolo.gg analyzes every decision: build order, eco, micro, common mistakes by bracket. Personalized analysis on WhatsApp or Discord in 30 seconds.
Civ guide
Khitans
Map guide
LandNomad2020rename (Custom)
Perfil
Jugador #9750708